 Dungeon Crawl Stone Soup version 0.16-a0-3458-g6d2551d (console) character file.

201 Hector the Chopper (level 5, 0/41 HPs)
             Began as a Mummy Chaos Knight on Jan 1, 2015.
             Was a Plaything of Xom.
             Slain by an orc
             ... wielding a +0 flail
              (7 damage)
             ... on level 3 of the Dungeon.
             The game lasted 00:10:16 (4484 turns).

Hector the Chopper (Mummy Chaos Knight)             Turns: 4484, Time: 00:10:16

Health: 0/41       AC:  5    Str: 16    XL:     5   Next: 50%
Magic:  5/5        EV: 11    Int: 11    God:    Xom [...*..]
Gold:   158        SH:  0    Dex: 11    Spells: 0 memorised, 4 levels left

rFire  x . .     SeeInvis .     a - +0 hand axe (chaos)
rCold  + . .     Clarity  .     b - +2 leather armour
rNeg   + + +     SustAb   .     (no shield)
rPois  ∞         Gourm    .     (no helmet)
rElec  .         Spirit   .     (no cloak)
rCorr  .         Warding  .     (no gloves)
rMut   .         Stasis   .     (no boots)
MR     .....                    (no amulet)
Stlth  +.........               (no ring)
                                (no ring)

@: not resistant to hostile enchantments, very unstealthy
A: no food or potions, fire vulnerability, restore body, cold resistance 1,
negative energy resistance 3, poison resistance, torment resistance, unbreathing
a: Renounce Religion


You were on level 3 of the Dungeon.
You worshipped Xom.
You were a favourite toy of Xom.
You were not hungry.

You visited 1 branch of the dungeon, and saw 3 of its levels.

You collected 158 gold pieces.

Inventory:

Hand weapons
 a - a +0 hand axe of chaos (weapon)
 w - a +1 spear of freezing
 x - a +0 war axe
 B - a +2 morningstar of crushing
Missiles
 t - 98 stones (quivered)
 u - 11 javelins
Armour
 b - a +2 leather armour (worn)
Jewellery
 e - an uncursed amulet of faith
Magical devices
 z - a wand of digging (18)
Scrolls
 c - 3 scrolls of remove curse {unknown}
 g - 2 scrolls of amnesia {unknown}
 j - 2 scrolls of enchant armour {unknown}
 m - 4 scrolls of identify {unknown}
 o - a scroll of recharging {unknown}
 p - 2 scrolls of immolation {unknown}
 q - 3 scrolls of teleportation {unknown}
 s - a scroll of enchant weapon {unknown}
 y - a scroll of fog {unknown}
 A - a scroll of noise {unknown}
Potions
 d - 2 potions of might {unknown}
 f - a potion of resistance {unknown}
 h - 6 potions of brilliance {unknown}
 i - 2 potions of cancellation {unknown}
 k - 2 potions of cure mutation {unknown}
 l - 2 potions of curing {unknown}
 n - a potion of restore abilities {unknown}
 r - a potion of flight {unknown}
 v - 2 potions of lignification {unknown}


   Skills:
 - Level 3.6 Fighting
 + Level 4.3 Axes
 - Level 2.1 Armour
 - Level 1.4 Dodging
 - Level 0.3 Stealth


You had 4 spell levels left.
You didn't know any spells.

Dungeon Overview and Level Annotations

Branches:
Dungeon (3/15)

Altars:
Fedhas
Kikubaaqudgha
Qazlal
Xom
Yredelemnul


Innate Abilities, Weirdness & Mutations

You do not eat or drink.
Your flesh is vulnerable to fire.
Your flesh is cold resistant.
You are immune to negative energy.
Your system is resistant to poisons.
You are immune to unholy pain and torment.
You can survive without breathing.


Message History

You hit the orc.
The orc flickers and vanishes!
Deactivating autopickup; reactivate with Ctrl-A.
Something hits you but does no damage.
You barely miss something. Something hits you but does no damage.
You hit something. Something hits you.
You miss something. Something hits you.
You closely miss something. Something hits you.
You miss something. Something hits you!
You hit something but do no damage. Something hits you.
You hit something but do no damage. Something hits you but does no damage.
You hit something. You burn something. You barely miss something.
Something hits you!
* * * LOW HITPOINT WARNING * * *
You hit something.
Reactivating autopickup.
You feel a bit more experienced.
Deactivating autopickup; reactivate with Ctrl-A.
You closely miss something. Something hits you!
You die... "This toy is broken."

.#..#...###.......###########.#
......#######.....## ..#
....#####.....###..# #.##
###.......##..# ##.# #.
###..####....#####.# #.
..#...###.#........# #.
#........<...####### .o
#..###....#.....#### # #
#.........###.@{.####...o
####......######......#
#.......############
####.............##
#..........#.###..###
+........<##...##..>##
###.........###.####..#
#...^.......###.## ##.# ########
####.#............####.###.......


There were no monsters in sight!

Vanquished Creatures
  3 adders
  A worm (D:3)
  An ooze (D:1)
  4 orcs (D:3)
  6 bats
  2 giant cockroaches
  9 hobgoblins
  6 jackals (D:3)
  A quokka (D:3)
  2 giant geckos
  2 giant newts
  8 goblins
  4 kobolds
  9 rats
58 creatures vanquished.

Vanquished Creatures (collateral kills)
  Grinder (D:3)
  An orc (D:3)
2 creatures vanquished.

Vanquished Creatures (others)
  An ufetubus (D:3)
1 creature vanquished.

Grand Total: 61 creatures vanquished

Notes
Turn   | Place    | Note
--------------------------------------------------------------
     0 | D:1      | Hector, the Mummy Chaos Knight, began the quest for the Orb.
     0 | D:1      | Reached XP level 1. HP: 18/18 MP: 1/1
   155 | D:1      | XOM: harmless Necr miscast
   183 | D:1      | XOM: smoke on damage
   193 | D:1      | Reached XP level 2. HP: 17/24 MP: 2/2
   708 | D:1      | XOM: mild Divn miscast
   779 | D:1      | XOM: colour smoke trail
   903 | D:1      | XOM: mild Ice miscast
  1041 | D:1      | XOM: 5-stop teleportation journey
  1729 | D:2      | Found an ancient bone altar of Kikubaaqudgha.
  1729 | D:2      | Found a basalt altar of Yredelemnul.
  1803 | D:2      | Reached skill level 1 in Dodging
  1803 | D:2      | Reached XP level 3. HP: 18/29 MP: 3/3
  2207 | D:2      | XOM: divination: magic mapping
  2331 | D:2      | Found a blossoming altar of Fedhas.
  2333 | D:2      | Found a stormy altar of Qazlal.
  2392 | D:2      | XOM: 3-stop teleportation journey
  2649 | D:2      | XOM: colour smoke trail
  3020 | D:2      | XOM: mild Trmt miscast
  3178 | D:2      | XOM: mild Trmt miscast
  3451 | D:3      | Reached XP level 4. HP: 16/36 MP: 4/4
  3663 | D:3      | XOM: butterfly on damage
  3891 | D:3      | XOM: 6-stop teleportation journey
  4056 | D:3      | XOM: scenery: create altars
  4301 | D:3      | Noticed Grinder
  4301 | D:3      | XOM: summons 4 friendly demons
  4301 | D:3      | Paralysed by Grinder for 7 turns
  4316 | D:3      | Killed Grinder
  4316 | D:3      | Reached skill level 4 in Axes
  4316 | D:3      | Reached XP level 5. HP: 30/41 MP: 5/5
  4484 | D:3      | Slain by an orc

Action                   |  1- 3 |  4- 6 || total
-------------------------+-------+-------++-------
Melee: Hand axe          |   170 |    91 ||   261
 Stab: Distracted        |       |     1 ||     1
